 Dungeon Crawl Stone Soup version 0.28-a0-706-gf6f64a616a (webtiles) character file.

Game seed: 16729065350223184416

195 funkygono the Firebug (level 5, -3/28 HPs)
             Began as a Gargoyle Fire Elementalist on Oct 24, 2021.
             Killed by divine providence
             ... invoked by an orc priest
              (13 damage)
             ... on level 3 of the Dungeon.
             The game lasted 00:09:10 (4370 turns).

funkygono the Firebug (Gargoyle Fire Elementalist)  Turns: 4370, Time: 00:09:12

Health: -3/28      AC:  7    Str: 12    XL:     5   Next: 74%
Magic:  1/10       EV: 12    Int: 16    God:
Gold:   108        SH:  0    Dex: 10    Spells: 3/10 levels left

rFire   + . .      SeeInvis .   f - +1 whip (venom)
rCold   . . .      Faith    .   (no shield)
rNeg    + . .      Spirit   .   a - +0 robe
rPois   ∞          Reflect  .   e - +0 helmet
rElec   +          Harm     .   (no cloak)
rCorr   .          Rampage  .   (no gloves)
Will    .....                   (no boots)
Stlth   ++........              (no amulet)
HPRegen 0.09/turn               b - ring of protection from fire
MPRegen 0.12/turn               (no ring)

@: no status effects
A: sickness immunity, AC +4, negative energy resistance 1, electricity
resistance, torment resistance 1, petrification resistance
a: no special abilities


You were on level 3 of the Dungeon.
You visited 1 branch of the dungeon, and saw 3 of its levels.

You collected 108 gold pieces.

Inventory:

Hand Weapons
 f - a +1 whip of venom (weapon)
 l - a +0 whip
Missiles
 g - 92 stones
Armour
 a - a +0 robe (worn)
 e - a +0 helmet (worn)
 o - a +0 buckler
 p - a +2 leather armour of positive energy
Magical Staves
 h - a staff of fire
Jewellery
 b - a ring of protection from fire (left hand)
 i - a ring of willpower
Scrolls
 d - a scroll of holy word {unknown}
 k - a scroll of identify
 q - a scroll of enchant weapon {unknown}
Potions
 j - a potion of brilliance {unknown}
 m - a potion of lignification {unknown}
 n - a potion of curing {unknown}


   Skills:
 + Level 0.9 Maces & Flails
 + Level 1.7 Dodging
 - Level 2.1 Stealth
 * Level 3.4 Spellcasting
 * Level 2.9 Conjurations
 * Level 4.3 Fire Magic
 * Level 0.4 Earth Magic


You had 3 spell levels left.
You knew the following spells:

 Your Spells              Type           Power      Damage    Failure   Level
a - Foxfire               Conj/Fire      56%        2x1d6     4%          1
b - Scorch                Fire           32%        2d7       4%          2
c - Conjure Flame         Conj/Fire      14%        6-21      12%         3
h - Sandblast             Erth           8%         2d5       16%         1

Your spell library contained the following spells:

 Spells                   Type           Power      Damage    Failure   Level
 Inner Flame              Hex/Fire       9%         N/A       22%         3
 Passwall                 Tmut/Erth      2%         N/A       24%         2
 Ensorcelled Hibernation  Hex/Ice        4%         N/A       26%         2
 Stone Arrow              Conj/Erth      16%        3d8       26%         3
 Dazzling Flash           Conj/Hex       14%        N/A       30%         3
 Ignite Poison            Fire/Tmut/Pois 7%         N/A       30%         3
 Frozen Ramparts          Ice            4%         1d2       47%         3
 Flame Wave               Conj/Fire      14%        3d5       38%         4
 Ice Form                 Ice/Tmut       2%         N/A       87%         4
 Summon Ice Beast         Ice/Summ       2%         N/A       87%         4
 Metabolic Englaciation   Hex/Ice        1%         N/A       99%         5


Dungeon Overview and Level Annotations

Branches:
Dungeon (3/15)

Altars:
The Shining One

Shops:
D:1 =


Innate Abilities, Weirdness & Mutations

You are immune to sickness and miasma.
Your stone body is resilient. (AC +4)
You are immune to poison.
You resist negative energy. (rN+)
You are resistant to electric shocks. (rElec)
You are resistant to unholy torment.
You are immune to petrification.


Message History

Casting: Sandblast (safe; 16% risk of failure)
Confirm with . or Enter, or press ? or * to list all spells.
You conjure some foxfire!
The orc priest hits you but does no damage.
Casting: Foxfire (safe; 4% risk of failure)
Confirm with . or Enter, or press ? or * to list all spells.
Flames lash the orc priest.
The orc priest is severely wounded.
The orc priest's fire resistance burns away.
The foxfire hits the orc priest but does no damage.
The orc priest is severely wounded.
The foxfire hits the orc priest but does no damage.
The orc priest is severely wounded.
The orc priest hits you but does no damage.
You barely miss the orc priest.
The orc priest is severely wounded.
The orc priest hits you with a +0 whip.
You hit the orc priest.
The orc priest is severely wounded.
The orc priest misses you.
Casting: Scorch (safe; 4% risk of failure)
Confirm with . or Enter, or press ? or * to list all spells.
You conjure some foxfire!
The orc priest calls down the wrath of Beogh upon you.
Beogh smites you!
You hit the orc priest but do no damage.
The orc priest is poisoned.
The orc priest is severely wounded.
The foxfire hits the orc priest but does no damage.
The orc priest is severely wounded.
The foxfire hits the orc priest but does no damage.
The orc priest is severely wounded.
The orc priest hits you but does no damage.
You hit the orc priest.
The orc priest looks as sick as possible!
The orc priest is almost dead.
The orc hits you with a +0 falchion.
The orc priest mumbles some strange prayers to Beogh against you.
Beogh smites you!
You die...

.#.# ##.#.>..)####.#.# ##.#
#.#...........# ##.#
##.#....(## #.#
o..###.#.......##.#
#(###.##......)..# #
##.............#.##.#.#
#...o...#......[.....#
#..###..#...###o####.#
#......o......o@)....#
#..###..#######§######
##.......# #.##########
.###############.##.......#
.# ##......##.####..# ####
.# #..[######.####..####...
## #...# ##............## #
#...# #..........#### #
#...# #....#####.#


You could see an orc priest (extremely poisoned, combustible) and an orc.

Vanquished Creatures
  2 orc wizards (D:3)
  4 gnolls (D:2)
  An adder (D:2)
  2 worms
  3 dart slugs
  8 orcs (D:3)
  9 bats
  5 endoplasms
  4 giant cockroaches
  9 goblins
  6 hobgoblins
  5 jackals (D:2)
  7 kobolds
  6 quokkas
  5 ball pythons
  5 frilled lizards
  4 rats
85 creatures vanquished.

Vanquished Creatures (collateral kills)
  2 foxfires (D:3)
2 creatures vanquished.

Vanquished Creatures (others)
  An orc (D:3)
  249 foxfires
  28 plants (D:1)
278 creatures vanquished.

Grand Total: 365 creatures vanquished

Notes
Turn   | Place    | Note
-------+----------+-------------------------------------------
     0 | D:1      | funkygono the Gargoyle Fire Elementalist began the quest
                  | for the Orb.
     0 | D:1      | Reached XP level 1. HP: 10/10 MP: 3/3
    84 | D:1      | Found Roparili's Jewellery Shop.
   121 | D:1      | Found a faded altar of an unknown god.
   360 | D:1      | Reached XP level 2. HP: 15/15 MP: 1/5
   363 | D:1      | Learned a level 2 spell: Scorch
   868 | D:1      | Reached XP level 3. HP: 19/19 MP: 2/6
   875 | D:1      | Learned a level 3 spell: Conjure Flame
  1610 | D:2      | Reached XP level 4. HP: 24/24 MP: 1/8
  1702 | D:2      | Got the Guide on Fire and Fascination
  2507 | D:2      | Reached skill level 4 in Fire Magic
  2767 | D:2      | Learned a level 1 spell: Sandblast
  3174 | D:3      | Reached XP level 5. HP: 28/28 MP: 7/9
  3680 | D:3      | Found a glowing golden altar of the Shining One.
  3810 | D:3      | HP: 1/28 [orc priest/divine providence (10)]
  4370 | D:3      | Killed from afar by an orc priest

Illustrated notes

Levels and vault maps discovered:
D:1:      heliophobic_arrival_battle_scene, layout_loops_ring,
          dreamdust_ecumenical_altar_statues, serial_shops, shop, st_stairs_1,
          serial_bayou_lagoon_a
D:2:      layout_loops_corners
D:3:      cheibrodos_pilgrimage, layout_loops_cross, old_standard_altar

Skill      XL: |  1  2  3  4  5 |
---------------+----------------+-----
Conjurations   | 2 |  2.9
Fire Magic     | 4 |  4.3
Spellcasting   | 3 |  3.4
Maces & Flails | |  0.9
Dodging        | |  1.7
Stealth        | |  2.1
Earth Magic    | |  0.4

Action                   |  1- 3 |  4- 6 || total
-------------------------+-------+-------++-------
Melee: Club              |    12 |       ||    12
       Staff             |     1 |     3 ||     4
       Whip              |       |    17 ||    17
 Cast: Foxfire           |    59 |    96 ||   155
       Scorch            |     3 |    13 ||    16
       Conjure Flame     |     1 |       ||     1
       Sandblast         |       |     6 ||     6
  Use: Scroll            |       |     5 ||     5
       Potion            |       |     1 ||     1
Armor: Robe              |    15 |    13 ||    28
Dodge: Dodged            |    14 |    31 ||    45

Table legend: (Time is in decaauts)
 A = Elapsed time spent in this place.
 B = Non-inter-level travel time spent in this place.
 C = Inter-level travel time spent in this place.
 D = Time resting spent in this place.
 E = Time spent auto-exploring this place.
 F = Levels seen in this place.
 G = Mean time per level.
                   A        B        C        D        E       F      G
               +--------+--------+--------+--------+--------+-----+--------+
         Total |   4383 |   4319 |     64 |    537 |   2948 |   3 | 1461.0 |
       Dungeon |   4383 |   4319 |     64 |    537 |   2948 |   3 | 1461.0 |
               +--------+--------+--------+--------+--------+-----+--------+

Top non-repeatable levels by time:
     D:2: 1873 daAuts
     D:3: 1256 daAuts
     D:1: 1253 daAuts
